 Dungeon Crawl Stone Soup version 0.29.1-12-g30fa7ad0bf (webtiles) character file.

Game seed: 15898653232805708999

196600 112233 the Thaumaturge (level 18, -18/100 HPs)
             Began as a Vine Stalker Fighter on Dec 25, 2022.
             Was an Initiate of Gozag.
             Killed from afar by a deep elf annihilator (60 damage)
             ... with an iron shot
             ... on level 3 of the Elven Halls.
             The game lasted 00:55:47 (28649 turns).

112233 the Thaumaturge (Vine Stalker Fighter)      Turns: 28649, Time: 00:55:48

Health: -18/100    AC: 35    Str: 28    XL:     18   Next: 38%
Magic:  0/36       EV: 12    Int: 11    God:    Gozag
Gold:   244        SH: 19    Dex: 20    Spells: 42/44 levels left

rFire   . . .      SeeInvis +   W - +3 rapier (elec)
rCold   . . .      Faith    .   P - +0 tower shield
rNeg    + + +      Spirit   +   M - +15 plate armour of the Ten Smoking Demons {rN++ Int-5 Stlth+}
rPois   .          Reflect  .   V - +1 hat {SInv}
rElec   .          Harm     .   E - +0 cloak
rCorr   .          Rampage  .   F - +2 pair of gloves
Will    ++...                   p - +0 pair of boots
Stlth   ++........              y - amulet of the acrobat
HPRegen 1.06/turn               Q - +4 ring of slaying
MPRegen 0.25/turn               x - ring of the Grinning Scavenger {rN+ Str+9 Int+6}

@: hasted, studying 2 skills, very quick
A: fangs 3, regeneration 1, magic shield, antimagic bite, no potion heal 2,
hooves 1, noise suppression
}: 1/15 runes: abyssal
a: Renounce Religion, Potion Petition, Call Merchant, Bribe Branch


You were on level 3 of the Elven Halls.
You worshipped Gozag.
Gozag was aware of your devotion.
You visited 4 branches of the dungeon, and saw 25 of its levels.
You visited the Abyss 1 time.
You also visited: Ice Cave.

You collected 9466 gold pieces.
You spent 4548 gold pieces at shops.
You paid 4674 gold pieces to Gozag.

Inventory:

Hand Weapons
 W - a +3 rapier of electrocution (weapon)
Armour
 c - a +0 buckler
 d - a +2 helmet of intelligence
 f - the +6 leather armour "Tetsun" {Dex+8}
   (You found it on level 5 of the Dungeon)

   Dex:       It affects your dexterity (+8).
 p - a +0 pair of boots (worn)
 E - a +0 cloak (worn)
 F - a +2 pair of gloves (worn)
 L - the +6 ring mail of Omission {Int+6 Dex-5}
   (You found it on level 11 of the Dungeon)

   Int:       It affects your intelligence (+6).
   Dex:       It affects your dexterity (-5).
 M - the +15 plate armour of the Ten Smoking Demons (worn) {rN++ Int-5 Stlth+}
   (You bought it in a shop on level 15 of the Dungeon)

   Int:       It affects your intelligence (-5).
   rN:        It greatly protects you from negative energy.
   Stlth:     It makes you more stealthy.
 P - a +0 tower shield (worn)
 V - a +1 hat of see invisible (worn)
Magical Staves
 h - a staff of conjuration
 w - a staff of earth
Jewellery
 q - the amulet of Pride {RegenMP rF- rN+ Int+5}
   (You found it on level 3 of the Elven Halls)

   [amulet of magic regeneration]

   It increases your rate of magic regeneration.
   Int:       It affects your intelligence (+5).
   rF:        It makes you vulnerable to fire.
   rN:        It protects you from negative energy.
 x - the ring of the Grinning Scavenger (right hand) {rN+ Str+9 Int+6}
   (You bought it in a shop on level 2 of the Dungeon)

   [ring of intelligence]

   Str:       It affects your strength (+9).
   Int:       It affects your intelligence (+6).
   rN:        It protects you from negative energy.
 y - an amulet of the acrobat (around neck)
 C - a ring of see invisible
 D - a ring of resist corrosion
 Q - a +4 ring of slaying (left hand)
Wands
 u - a wand of flame (22)
 B - a wand of iceblast (12)
 G - a wand of charming (9)
Scrolls
 e - 6 scrolls of immolation
 g - 3 scrolls of poison
 i - 7 scrolls of magic mapping
 m - 25 scrolls of identify
 n - 3 scrolls of vulnerability
 o - 2 scrolls of brand weapon
 r - 2 scrolls of enchant weapon
 t - 6 scrolls of silence
 z - 5 scrolls of noise
 K - a scroll of fog
 N - 4 scrolls of enchant armour
 O - 3 scrolls of amnesia
Potions
 a - 4 potions of mutation
 b - 5 potions of haste
 j - 2 potions of magic
 k - 2 potions of degeneration
 s - 11 potions of curing
 v - 5 potions of brilliance
 A - 5 potions of berserk rage
 H - 2 potions of flight
 S - a potion of cancellation
 T - 2 potions of resistance
 U - 3 potions of lignification
 X - a potion of invisibility
 Y - 2 potions of ambrosia
Miscellaneous
 l - a condenser vane (inert)
 I - a tin of tremorstones (inert)
 J - a box of beasts (inert)
 R - a phial of floods (inert)


   Skills:
 + Level 13.6 Fighting
 - Level 12.5 Short Blades
 + Level 7.3 Armour
 + Level 11.7 Dodging
 - Level 10.9 Stealth
 + Level 13.3 Shields
 + Level 13.8 Spellcasting


You had 42 spell levels left.
You knew the following spells:

 Your Spells              Type           Power      Damage    Failure   Level
a - Passwall              Tmut/Erth      5%         N/A       99%         2

Your spell library contained the following spells:

 Spells                   Type           Power      Damage    Failure   Level
 Ensorcelled Hibernation  Hex/Ice        14%        N/A       99%         2
 Poisonous Vapours        Pois/Air       14%        N/A       99%         2
 Sublimation of Blood     Necr           7%         N/A       99%         2
 Call Canine Familiar     Summ           7%         N/A       100%        3
 Inner Flame              Hex/Fire       7%         N/A       100%        3
 Portal Projectile        Hex/Tloc       14%        N/A       100%        3
 Stone Arrow              Conj/Erth      14%        3d7       100%        3
 Summon Guardian Golem    Hex/Summ       7%         N/A       100%        3
 Swiftness                Air            7%         N/A       100%        3
 Animate Armour           Summ/Erth      14%        N/A       100%        4
 Cause Fear               Hex            3%         N/A       100%        4
 Leda's Liquefaction      Hex/Erth       3%         N/A       100%        4
 Petrify                  Tmut/Erth      7%         N/A       100%        4
 Summon Ice Beast         Ice/Summ       7%         N/A       100%        4
 Alistair's Intoxication  Tmut/Pois      4%         N/A       100%        5
 Borgnjor's Vile Clutch   Necr/Erth      3%         N/A       100%        5
 Irradiate                Conj/Tmut      3%         3d12      100%        5
 Eringya's Noxious Bog    Tmut/Pois      3%         N/A       100%        6
 Haunt                    Necr/Summ      3%         N/A       100%        7
 Malign Gateway           Summ/Tloc      3%         N/A       100%        7
 Orb of Destruction       Conj           3%         9d5       100%        7
 Spellforged Servitor     Conj/Summ      3%         N/A       100%        7
 Discord                  Hex            3%         N/A       100%        8
 Lehudib's Crystal Spear  Conj/Erth      3%         10d3      100%        8
 Summon Horrible Things   Summ           3%         N/A       100%        8
 Chain Lightning          Conj/Air       3%         3d4       100%        9
 Fire Storm               Conj/Fire      3%         8d1       100%        9
 Shatter                  Erth           3%         3d7*      100%        9
 Corpse Rot               Necr/Pois/Air  Unusable   N/A       N/A         4

Dungeon Overview and Level Annotations

Branches:
Dungeon (15/15)            Temple (0/1) D:5            Lair (5/5) D:11
 Shoals (0/4) Lair:3       Spider (0/4) Lair:2          Orc (2/2) D:9
    Elf (3/3) Orc:2        Vaults (0/5) D:14         Depths (0/4) D:15
  IceCv (visited)
  Slime: Lair:4-5

Altars:
Ashenzari
Fedhas
Gozag
Kikubaaqudgha
Makhleb
Okawaru
Qazlal
Sif Muna
Uskayaw
Wu Jian
Xom
Yredelemnul
Zin
The Shining One

Shops:
D:2 =   D:15 [   Orc:2 [[[!   Elf:2 [   Lair:4 (

Annotations:
D:4 exclusion: downstairs
D:5 exclusion: downstairs
D:9 4 runed translucent doors, exclusion: downstairs
D:13 2 transporters, 112233's ghost, journeyman NaIE
Lair:1 exclusion: 2 oklob plants
Lair:4 exclusion: oklob plant
Lair:5 exclusion: obsidian statue
Orc:2 1 runed translucent door, crossborder's ghost, journeyman HOFi
Elf:2 3 runed translucent doors


Innate Abilities, Weirdness & Mutations

You have razor-sharp teeth.
Your natural rate of healing is unusually fast.
When hurt, damage is shared between your health and your magic reserves.
Your bite disrupts and absorbs the magic of your enemies.
Potions cannot restore your health.
You have large cloven feet.
You passively dampen the noise of your surroundings.


Message History

The deep elf high priest invokes the aid of its god against you.
Something smites you!
Aiming: Charm
Press: ? - help, Shift-Dir - straight line, f - deep elf annihilator
Aim: a deep elf annihilator, wielding a +0 rapier and wearing a +0 chain mail (lightly wounded, inner flame, spells empowered, chance to affect: 0%)
The deep elf annihilator resists with almost no effort.
The deep elf high priest calls down the wrath of its god upon you.
Something smites you!
You block the deep elf annihilator's attack.
You see here a +0 spear.
Unknown command.
Aiming: Iceblast
Press: ? - help, Shift-Dir - straight line, p - deep elf annihilator The mass of ice explodes!
The iceblast engulfs the deep elf annihilator but does no damage.
The deep elf annihilator is lightly wounded.
The iceblast engulfs the deep elf blademaster.
Flame seeps out of the deep elf blademaster.
The deep elf blademaster is lightly wounded.
The iceblast engulfs the deep elf high priest!
Flame seeps out of the deep elf high priest.
The deep elf high priest is heavily wounded.
The deep elf high priest is engulfed in blazing flames.
Flame seeps out of the deep elf high priest.
The deep elf high priest shoots an arrow.
The arrow hits you but does no damage.
The deep elf annihilator points at you and mumbles some strange words.
The bolt of lightning hits you!!!
The deep elf blademaster is engulfed in blazing flames.
Flame seeps out of the deep elf blademaster.
Okay, then.
You feel yourself speed up.
The deep elf high priest is engulfed in blazing flames.
Flame seeps out of the deep elf high priest.
The deep elf high priest says, "Taste sacred energy, fool."
The deep elf annihilator gestures at you while chanting.
The iron shot hits you!!!!
Ouch! That really hurt!
You die...
Your body crumbles into a pile of gold.

..#...# $ $ $$$ ..#...# $ $$ ...
$ $ ).#...# $ $ .e. $ $ ..#...# $
$$ ##e## $$$ ..#...# $ #☼..#$ $
..#...# $$#.[.#$$ ..#...# #○..#
).)...##############e##########
''##......'....)@ee○e)#!.......
...##.....#......e.○$.).......:
....##....#...........#....e...
.....#'######'###############'#
.♣...'............... .
.....'...........)...
....#############################
...##≈≈≈≈≈≈≈≈≈≈≈≈≈≈≈≈≈≈≈≈≈≈≈≈≈≈≈≈
####≈~~~~≈~~~≈~~~~~~~~≈~~~≈~~≈~~~


You could see a deep elf blademaster (inner flame), a deep elf master archer
(inner flame), a deep elf annihilator (inner flame, empowered) and 2 deep elf
high priests.

Vanquished Creatures
  A deep elf blademaster (Elf:3)
  A tentacled starspawn (Abyss:4)
  Gastronok (Lair:3)
  Agnes (Elf:2)
  An orc warlord (Orc:2)
  3 deep elf sorcerers (Elf:3)
  3 deep elf elementalists (Elf:3)
  A quicksilver ooze (D:11)
  A war gargoyle (Abyss:4)
  2 deep elf demonologists (Elf:3)
  2 deep elf annihilators (Elf:3)
  2 dire elephants (Lair:5)
  A bunyip (shapeshifter) (Elf:2)
  Snorg (D:11)
  4 deep elf death magi
  Josephine (D:10)
  2 deep elf high priests
  2 ogre magi (Orc:2)
  A rakshasa (D:14)
  7 hydras
  7 boulder beetles
  4 catoblepae
  A centaur warrior (D:13)
  12 two-headed ogres
  Erica (D:11)
  A death knight (D:15)
  15 dancing weapons
  7 death yaks
  A vampire mage (Elf:3)
  3 tengu warriors
  A shock serpent (Orc:2)
  2 orc high priests (Elf:3)
  Sonja (Lair:2)
  11 deep elf knights
  A soul eater (Abyss:4)
  A sun demon (Abyss:4)
  A spectral anaconda (Lair:5)
  An orb spider (Lair:2)
  A death drake (Abyss:4)
  2 shadow demons (Elf:3)
  2 deep trolls
  A wizard (D:14)
  12 ugly things
  16 deep elf archers
  22 deep elf zephyrmancers
  6 necromancers
  26 deep elf pyromancers
  2 orc sorcerers
  A will-o-the-wisp (Abyss:4)
  A manticore (D:14)
  4 cyclopes
  14 elephants
  2 centaur zombies (D:15)
  A manticore (shapeshifter) (Elf:2)
  2 black mambas (Lair:5)
  A naga mage (D:15)
  2 torpor snails (Lair:5)
  A smoke demon (Abyss:4)
  13 cane toads
  3 gargoyles
  A cane toad (shapeshifter) (D:15)
  2 rime drakes (IceCv)
  3 kobold demonologists
  A centaur skeleton (D:15)
  11 komodo dragons
  3 efreet
  A freezing wraith (Abyss:4)
  A merfolk (Lair:3)
  4 catoblepas skeletons (Abyss:4)
  4 polar bears (IceCv)
  2 ancient zymes (Abyss:4)
  A queen bee (Lair:5)
  6 meliai
  Grinder (D:3)
  A wind drake (D:14)
  14 trolls
  A hornet (D:9)
  4 raiju (Abyss:4)
  22 blink frogs
  A snapping turtle (D:10)
  7 dream sheep
  A meliai zombie (D:15)
  3 air elementals
  4 water elementals
  13 wraiths
  A dire elephant simulacrum (Lair:5)
  4 wyverns
  2 shadows
  2 fire elementals
  80 yaks
  3 basilisks
  A yak (shapeshifter) (Elf:3)
  2 steam dragons
  6 vampire mosquitoes
  An acid dragon (D:12)
  12 water moccasins
  4 black bears
  An ice beast (D:5)
  17 orc warriors
  5 sky beasts
  A black bear (shapeshifter) (Elf:3)
  2 small abominations (Abyss:4)
  2 boggarts (Elf:3)
  25 wolves
  21 ogres
  11 centaurs
  A phantom (D:7)
  2 kobold brigands
  9 bullfrogs
  A gnoll sergeant (D:7)
  A necrophage (D:5)
  7 earth elementals
  3 scorpions
  13 wights
  2 elephant simulacra (Lair:5)
  31 killer bees
  5 electric eels
  2 howler monkeys
  21 orc priests
  4 hounds
  A gnoll bouda (Lair:3)
  3 jellies
  4 iguanas
  An iron imp (Abyss:4)
  6 hell rats (Lair:4)
  16 orc wizards
  8 adders
  A gnoll (shapeshifter) (Elf:1)
  4 gnolls (D:7)
  2 white imps
  An ufetubus (D:7)
  A dart slug (D:4)
  58 orcs
  7 bats
  9 endoplasms
  3 giant cockroaches
  9 goblins
  10 hobgoblins
  4 jackals (D:2)
  12 kobolds
  4 quokkas
  8 ball pythons
  3 frilled lizards
  7 rats
  A butterfly (Lair:1)
844 creatures vanquished.

Vanquished Creatures (collateral kills)
  A deep elf demonologist (Elf:3)
1 creature vanquished.

Vanquished Creatures (others)
  A troll (Orc:2)
  A spectral cane toad (Lair:5)
  A wolf (Lair:5)
  2 foxfires (Abyss:4)
  13 fungi
  33 plants
  20 starspawn tentacles (Abyss:4)
  15 withered plants (Lair:5)
86 creatures vanquished.

Grand Total: 931 creatures vanquished

Notes
Turn   | Place    | Note
-------+----------+-------------------------------------------
     0 | D:1      | 112233 the Vine Stalker Fighter began the quest for the
                  | Orb.
     0 | D:1      | Reached XP level 1. HP: 11/11 MP: 2/2
   201 | D:1      | Reached XP level 2. HP: 16/16 MP: 3/3
   500 | D:1      | Found a faded altar of an unknown god.
   774 | D:1      | Reached XP level 3. HP: 20/20 MP: 4/4
  1170 | D:2      | Gained mutation: You have large cloven feet. [potion of
                  | mutation]
  1170 | D:2      | Gained mutation: You passively dampen the noise of your
                  | surroundings. [potion of mutation]
  1473 | D:2      | Found Zelab's Jewellery Shoppe.
  2265 | D:3      | Gained mutation: Your natural rate of healing is unusually
                  | fast. [Vine Stalker growth]
  2265 | D:3      | Reached XP level 4. HP: 24/24 MP: 5/5
  2416 | D:3      | Found a shimmering blue altar of Sif Muna.
  2657 | D:3      | Found an ancient bone altar of Kikubaaqudgha.
  2657 | D:3      | Noticed Grinder
  2666 | D:3      | Killed Grinder
  2667 | D:3      | Reached XP level 5. HP: 28/29 MP: 4/6
  2667 | D:3      | Reached XP level 6. HP: 32/33 MP: 4/7
  2900 | D:4      | Found an opulent altar of Gozag.
  2934 | D:4      | Became a worshipper of Gozag Ym Sagoz the Greedy
  3122 | D:4      | Reached XP level 7. HP: 36/37 MP: 8/8
  3187 | D:4      | Found a shimmering altar of Xom.
  3189 | D:4      | Noticed an angel
  3198 | D:4      | Found a glowing silver altar of Zin.
  3546 | D:5      | Entered Level 5 of the Dungeon
  3793 | D:5      | Identified the +6 leather armour "Tetsun" {Dex+8}
  3901 | D:5      | Found a staircase to the Ecumenical Temple.
  3972 | D:5      | Found a burning altar of Makhleb.
  3972 | D:5      | Noticed a blizzard demon
  4049 | D:6      | Noticed a steam dragon
  4058 | D:5      | Gained mutation: You have razor-sharp teeth. [Vine Stalker
                  | growth]
  4058 | D:5      | Reached XP level 8. HP: 40/42 MP: 5/9
  4076 | D:6      | Reached skill level 1 in Stealth
  4203 | D:5      | Reached skill level 1 in Dodging
  4203 | D:5      | Reached skill level 5 in Shields
  4203 | D:5      | Reached skill level 1 in Spellcasting
  4209 | D:5      | Reached skill level 5 in Fighting
  5010 | D:6      | Found a glowing golden altar of the Shining One.
  5245 | D:6      | Reached skill level 5 in Short Blades
  5245 | D:6      | Reached XP level 9. HP: 45/47 MP: 12/14
  5936 | D:7      | Found a hide-covered altar of Uskayaw.
  5972 | D:7      | Found a stormy altar of Qazlal.
  6332 | D:6      | Reached skill level 5 in Stealth
  6408 | D:2      | Bought the ring of the Grinning Scavenger {rN+ Str+9 Int+6}
                  | for 793 gold pieces
  6820 | D:8      | Found a basalt altar of Yredelemnul.
  6927 | D:8      | Reached XP level 10. HP: 48/53 MP: 13/17
  7329 | D:9      | Found a runed translucent door.
  7339 | D:9      | Found a runed translucent door.
  7357 | D:9      | Found a runed translucent door.
  7811 | D:9      | Found a runed translucent door.
  7835 | D:9      | Found a blossoming altar of Fedhas.
  7884 | D:10     | Entered Level 10 of the Dungeon
  7983 | D:9      | Reached skill level 5 in Spellcasting
  8043 | D:9      | Found a broken altar of Ashenzari.
  8160 | D:9      | Found a staircase to the Orcish Mines.
  8423 | D:9      | Learned a level 2 spell: Passwall
  9051 | D:11     | Noticed a two-headed ogre
  9057 | D:11     | Killed a two-headed ogre
  9058 | D:11     | Reached XP level 11. HP: 58/58 MP: 20/20
  9090 | D:11     | Noticed Erica
  9092 | D:11     | Identified the +6 ring mail of Omission {Int+6 Dex-5}
  9101 | D:11     | Killed Erica
  9228 | D:11     | Found a staircase to the Lair.
  9289 | D:11     | Noticed a boulder beetle
  9366 | D:10     | Reached skill level 5 in Dodging
  9648 | D:10     | Found an iron altar of Okawaru.
  9919 | D:10     | Noticed Josephine
  9952 | D:10     | Noticed Urug
  9953 | D:10     | Killed Josephine
  9955 | D:10     | Noticed Urug
  9955 | D:10     | Urug changed into Urug the snapping turtle
  9974 | D:10     | Killed Urug the snapping turtle
 10143 | D:11     | Noticed a quicksilver ooze
 10143 | D:11     | a boulder beetle changed into a quicksilver ooze
 10147 | D:11     | Killed a quicksilver ooze
 10284 | D:11     | Noticed Snorg
 10323 | D:11     | Killed Snorg
 10408 | D:11     | Reached XP level 12. HP: 65/65 MP: 23/23
 10653 | Orc:1    | Entered Level 1 of the Orcish Mines
 10994 | Orc:1    | Noticed a two-headed ogre
 11001 | Orc:1    | Killed a two-headed ogre
 11184 | Orc:2    | Entered Level 2 of the Orcish Mines
 11236 | Orc:2    | Found a staircase to the Elven Halls.
 11267 | Orc:2    | Noticed an ogre mage
 11298 | Orc:2    | Killed an ogre mage
 11352 | Orc:2    | Noticed an ogre mage
 11398 | Orc:2    | Paralysed by an ogre mage for 4 turns
 11409 | Orc:2    | Killed an ogre mage
 11433 | Orc:2    | Noticed a two-headed ogre
 11478 | Orc:1    | Killed a two-headed ogre
 11517 | Orc:2    | Noticed a two-headed ogre
 11522 | Orc:2    | Killed a two-headed ogre
 11523 | Orc:2    | Reached skill level 10 in Stealth
 11532 | Orc:2    | Noticed a two-headed ogre
 11535 | Orc:2    | Noticed a two-headed ogre
 11762 | D:2      | Bought a +4 ring of slaying for 936 gold pieces
 11969 | Orc:1    | Killed a two-headed ogre
 11981 | Orc:2    | Killed a two-headed ogre
 12030 | Orc:2    | Found Dukh's Armour Boutique.
 12031 | Orc:2    | Noticed a two-headed ogre
 12033 | Orc:2    | Noticed a two-headed ogre
 12035 | Orc:2    | Noticed a two-headed ogre
 12244 | Orc:1    | Killed a two-headed ogre
 12582 | Orc:2    | Noticed an orc warlord
 12597 | Orc:2    | Reached XP level 13. HP: 70/70 MP: 26/26
 12703 | Orc:2    | Found a runed translucent door.
 12709 | Orc:2    | Noticed crossborder's ghost (journeyman HOFi)
 13076 | Orc:2    | Found Izxoroog's Distillery.
 13077 | Orc:2    | Found Ulyl's Armour Shop.
 13078 | Orc:2    | Found Voazxen's Armour Shoppe.
 13117 | Orc:2    | Bought a potion of experience for 700 gold pieces
 13117 | Orc:2    | Reached XP level 14. HP: 75/75 MP: 27/27
 13251 | Orc:2    | Killed an orc warlord
 13709 | Orc:2    | Bought a potion of mutation for 112 gold pieces
 13709 | Orc:2    | Bought a potion of haste for 140 gold pieces
 13709 | Orc:2    | Bought a potion of degeneration for 14 gold pieces
 13938 | Lair:1   | Entered Level 1 of the Lair of Beasts
 14506 | Lair:1   | Found a blossoming altar of Fedhas.
 14613 | Lair:2   | Found a blossoming altar of Fedhas.
 14927 | Lair:2   | Identified the +6 morningstar "Moirublo" {vorpal, rF+ rC-
                  | Str-5 Dex+8}
 14930 | Lair:2   | Noticed Sonja
 14936 | Lair:2   | Reached skill level 10 in Fighting
 14954 | Lair:2   | Killed Sonja
 15150 | Lair:2   | Found a hole to the Spider Nest.
 15719 | Lair:3   | Noticed Gastronok
 15735 | Lair:3   | Killed Gastronok
 16083 | Lair:3   | Reached XP level 15. HP: 80/80 MP: 29/29
 16137 | Lair:3   | Found a staircase to the Shoals.
 16740 | Lair:4   | Reached skill level 10 in Shields
 17137 | Lair:4   | Reached skill level 10 in Spellcasting
 17280 | Lair:5   | Entered Level 5 of the Lair of Beasts
 17342 | Lair:4   | Bought a glowing rapier for 259 gold pieces
 17342 | Lair:4   | Bought a glowing short sword for 222 gold pieces
 17552 | Lair:5   | Found an ornate altar of the Wu Jian Council.
 17552 | Lair:5   | Found a hide-covered altar of Uskayaw.
 18677 | D:12     | Found a frozen archway.
 18707 | IceCv    | Entered an ice cave
 19126 | IceCv    | Noticed a frost giant
 19511 | D:12     | Reached XP level 16. HP: 87/87 MP: 32/32
 20112 | D:13     | Found a transporter.
 20115 | D:13     | Noticed 112233's ghost (journeyman NaIE)
 20129 | D:13     | Found a transporter.
 21048 | D:14     | Found a gate to the Vaults.
 21724 | D:15     | Entered Level 15 of the Dungeon
 21800 | D:15     | Found a stormy altar of Qazlal.
 22066 | D:15     | Found a hide-covered altar of Uskayaw.
 22458 | D:15     | Reached skill level 10 in Dodging
 22508 | D:15     | Found a staircase to the Depths.
 22792 | D:15     | Bought a faintly humming plate armour for 952 gold pieces
 22792 | D:15     | Identified the +15 plate armour of the Ten Smoking Demons
                  | {rN++ Int-5 Stlth+} (You bought it in a shop on level 15 of
                  | the Dungeon)
 23420 | Lair:5   | Identified the +7 morningstar "Cauwnisu" {freeze, rElec
                  | rF+}
 23713 | Elf:1    | Entered Level 1 of the Elven Halls
 24816 | Elf:1    | Reached skill level 5 in Armour
 24831 | Elf:1    | Reached XP level 17. HP: 78/94 MP: 34/34
 25032 | Elf:1    | Found a shimmering blue altar of Sif Muna.
 25694 | Elf:2    | Found Kewim's Antique Armour Emporium.
 25699 | Elf:2    | Paralysed by an air elemental for 1 turns
 25720 | Elf:2    | Bought a runed helmet for 210 gold pieces
 25720 | Elf:2    | Bought a runed helmet for 210 gold pieces
 25831 | Elf:2    | Noticed Agnes
 25845 | Elf:2    | Killed Agnes
 26132 | Elf:2    | Found a runed translucent gate.
 26132 | Elf:2    | Found a runed translucent gate.
 26132 | Elf:2    | Found a runed translucent gate.
 26520 | Elf:3    | Entered Level 3 of the Elven Halls
 26864 | Elf:3    | Paralysed by an air elemental for 1 turns
 26886 | Elf:3    | Identified the +2 robe of Zymnaotulu {Harm rElec rF+}
 27186 | Elf:3    | Paralysed by an air elemental for 1 turns
 27207 | Elf:3    | Identified the +8 hand axe of Valour {freeze, rPois}
 27217 | Elf:3    | Identified the ring "Bavuniz" {rF+ MP+9 Str+7}
 27230 | Elf:3    | Noticed a deep elf blademaster
 27253 | Elf:3    | Noticed a deep elf blademaster
 27262 | Elf:3    | Noticed a deep elf blademaster
 27393 | Elf:3    | Found a shimmering blue altar of Sif Muna.
 27439 | Elf:3    | Identified the +0 robe of the Weak God {rF+ rC++ rCorr
                  | Int-3}
 27504 | Elf:3    | Noticed an Executioner
 27511 | Elf:3    | Noticed an Ice Fiend
 27517 | Elf:3    | Reached XP level 18. HP: 66/100 MP: 22/36
 27605 | Elf:3    | Identified the amulet of Pride {RegenMP rF- rN+ Int+5}
 27620 | Elf:3    | Got Vomoka's Omnibus of Beckoning
 27842 | Abyss:3  | Cast into level 3 of the Abyss (a deep elf demonologist)
 28058 | Abyss:4  | Got an abyssal rune of Zot
 28194 | Abyss:4  | Noticed a bone dragon
 28349 | Elf:3    | Escaped the Abyss
 28382 | Elf:3    | Killed a deep elf blademaster
 28638 | Elf:3    | Noticed a deep elf master archer
 28641 | Elf:3    | Noticed a deep elf blademaster
 28649 | Elf:3    | Killed from afar by a deep elf annihilator

Illustrated notes

Levels and vault maps discovered:
D:1:      minmay_arrival_wavy_path, layout_loops_corners,
          ebering_ecumenical_altar_abandoned
D:2:      layout_basic, serial_shops, nicolae_shop_trees
D:3:      layout_basic, mainiacjoe_overflow_24_doors, lemuel_blue_sif_altar,
          uniq_grinder
D:4:      layout_gridville, grunt_temple_overflow_order_and_chaos_1,
          nicolae_gozag_seed_capital, serial_bayou, serial_bayou_shore_b,
          serial_bayou_pond_e, serial_bayou_pond_e, serial_bayou_ford_a,
          serial_bayou_crossing, serial_bayou_pond_b
D:5:      layout_basic, makhleb_altar_promises_db, minmay_temple_entry_glass,
          chequers_serial_rivers_large_b
D:6:      layout_loops_ring, tso_altar, st_stairs_11
D:7:      layout_loops_ring, lemuel_crystal_altar, mainiacjoe_overflow_alcove_4,
          kennysheep_pointless_box
D:8:      layout_loops_ring, kennysheep_little_box
D:9:      layout_roguey, fedhas_bush_and_centaur_altar,
          cheibrodos_ashenzari_chains, david_orc_2, enter_bailey_2,
          minmay_crystal_room, grunt_decor_junction,
          chequers_serial_rivers_micro_e, minmay_statue_crystal_thing
D:10:     layout_basic, lemuel_round_altar, uniq_urug, uniq_josephine
D:11:     layout_rooms, david_lair_shrubbed, hangedman_decor_points, uniq_snorg,
          uniq_erica
D:12:     layout_roguey, portal_ice_cave_entry_pillars_2, minmay_misc_feat_chi
D:13:     layout_long_grid, gammafunk_ghost_stat_death, minivault_21
D:14:     layout_grid_maze, david_vaults_1, minivault_19,
          dreamdust_looks_like_rain
D:15:     grunt_enter_depths_magical_seal, layout_loops_corners,
          nicolae_uskayaw_murder_on_the_dancefloor,
          nicolae_qazlal_style_of_elements
Lair:1:   layout_hall_layers, grunt_forest_stairs_basic, hangedman_tree_tricks,
          lemuel_fruit_fields
Lair:2:   layout_gridlike, nicolae_spider_entry_orb_guardian, basic_altar,
          lightli_volcano_entry_magma_tube, grunt_megastairs_3,
          infiniplex_staircase_pool_2, uniq_sonja
Lair:3:   layout_roguey, elwin_shoals_entry_rooms, dreamdust_gnoll_shepherd,
          infiniplex_staircase_pool, grunt_megastairs_4, uniq_gastronok
Lair:4:   layout_regular_city, minmay_slime_entry_oklob_enclosed,
          grunt_megastairs_1, serial_bayou_shore_a
Lair:5:   due_jungle_book, layout_loops_ring, special_room [special_room_bee],
          nzn_masters_of_martial_movement
Orc:1:    layout_caves
Orc:2:    st_orc_open, layout_diamond_mine, ebering_ghost_reflecting_pool
Elf:1:    layout_gridlike, kennysheep_underground_church,
          david_defended_altar_elf
Elf:2:    nicolae_elf_blades_splatter_lattice [nicolae_blade_entry_pointy_end],
          layout_loops_ring, serial_shops, nicolae_shop_advertising_works
          [nicolae_subvault_shop_adworks], uniq_agnes
Elf:3:    minmay_elf_hall_not_hex, layout_geoelf_castle,
          hangedman_summoners_spam

Skill      XL: |  1  2  3  4  5  6  7  8  9 10 11 12 13 14 15 16 17 18 |
---------------+-------------------------------------------------------+-----
Short Blades   | 2 3 4 5 6 7 8 11 12 | 12.5
Shields        | 3 4 5 6 7 8 9 10 12 13 | 13.3
Fighting       | 3 4 5 6 7 8 9 10 11 12 13 | 13.6
Armour         | 3 4 5 6 7 |  7.3
Stealth        | 3 5 7 9 10 | 10.9
Dodging        | 2 3 4 5 6 7 8 9 10 11 | 11.7
Spellcasting   | 2 4 5 6 8 9 11 12 13 | 13.8

Action                   |  1- 3 |  4- 6 |  7- 9 | 10-12 | 13-15 | 16-18 || total
-------------------------+-------+-------+-------+-------+-------+-------++-------
Melee: Rapier            |   131 |    92 |   229 |   373 |   409 |  1206 ||  2440
       Bite              |    29 |    27 |   110 |   243 |   393 |   575 ||  1377
       Kick              |     7 |    33 |   126 |   266 |   425 |     7 ||   864
       Short sword       |       |       |    79 |   237 |   475 |       ||   791
Throw: Dart              |       |       |       |     5 |       |       ||     5
Invok: Potion Petition   |       |       |       |     2 |     1 |     4 ||     7
       Call Merchant     |       |       |       |       |     1 |     1 ||     2
Evoke: Wand              |       |       |       |    12 |     7 |     6 ||    25
       Condenser vane    |       |       |       |       |     1 |     3 ||     4
       Tin of tremorston |       |       |       |       |       |     3 ||     3
       Box of beasts     |       |       |       |       |       |     1 ||     1
       Phial of floods   |       |       |       |       |       |     1 ||     1
  Use: Potion            |     3 |     1 |     9 |     2 |     2 |     6 ||    23
       Scroll            |       |       |     3 |     5 |    15 |     8 ||    31
 Stab: Distracted        |       |     1 |     5 |     9 |    14 |    18 ||    47
       Sleeping          |       |       |     4 |    10 |    24 |    13 ||    51
       Confused          |       |       |       |       |       |     1 ||     1
Armor: Scale mail        |    50 |    39 |    12 |       |       |       ||   101
       Skin              |    14 |       |       |       |       |       ||    14
       Leather armour    |       |       |    92 |   141 |   113 |    42 ||   388
       Plate armour      |       |       |       |       |       |   361 ||   361
Dodge: Dodged            |    43 |    46 |   136 |   260 |   297 |   406 ||  1188
Block: Buckler           |    22 |    24 |    70 |    67 |       |       ||   183
       Tower shield      |       |       |       |   262 |   733 |   970 ||  1965
